[ AOE2 MATCH · #476884564 ]
UnrankedMagyars vs Burgundians
[ REPLAY ANALYSIS · EXTRACTED FROM THE RECORDED GAME ]
Feudal
16:01
Castle
—
Imperial
—
| APM avg | 38.3 |
| APM peak | 76 |
| eAPM avg | 22.7 |
| Villagers / military | 51 / 7 |
Focus
⚔️ 27.6% · 🌾 72.4%
Fishing Ship ×9 · Spearman ×5 · Fire Galley ×2 · Unknown (2626) ×2
Feudal
13:24
Castle
—
Imperial
—
| APM avg | 53.7 |
| APM peak | 105 |
| eAPM avg | 19.3 |
| Villagers / military | 52 / 23 |
Focus
⚔️ 35.3% · 🌾 64.7%
Archer ×11 · Spearman ×7 · Fishing Ship ×6 · Battering Ram ×5 · Unknown (2626) ×2
Feudal
12:46
Castle
16:46
Imperial
—
| APM avg | 29.2 |
| APM peak | 49 |
| eAPM avg | 16.1 |
| Villagers / military | 82 / 37 |
Focus
⚔️ 25.6% · 🌾 74.4%
Knight ×25 · Fishing Ship ×9 · Monk ×5 · Battering Ram ×4 · Mangonel ×3
Feudal
13:19
Castle
18:58
Imperial
—
| APM avg | 48.0 |
| APM peak | 75 |
| eAPM avg | 20.2 |
| Villagers / military | 79 / 59 |
Focus
⚔️ 34.5% · 🌾 65.5%
Cavalry Archer ×39 · Fishing Ship ×16 · Archer ×6 · Keshik ×6 · Unknown (2626) ×4 · Monk ×3
Feudal
14:25
Castle
17:55
Imperial
—
| APM avg | 49.4 |
| APM peak | 98 |
| eAPM avg | 30.5 |
| Villagers / military | 133 / 50 |
Focus
⚔️ 55.9% · 🌾 44.1%
Coustillier ×42 · Fishing Ship ×19 · Battering Ram ×6 · Monk ×2
Feudal
17:11
Castle
20:43
Imperial
—
| APM avg | 35.9 |
| APM peak | 72 |
| eAPM avg | 25.2 |
| Villagers / military | 75 / 128 |
Focus
⚔️ 55.8% · 🌾 44.2%
Knight ×109 · Fishing Ship ×33 · Battering Ram ×15 · Mangonel ×3 · Unknown (2626) ×2 · Scout Cavalry ×1
Feudal
20:21
Castle
25:31
Imperial
—
| APM avg | 40.5 |
| APM peak | 73 |
| eAPM avg | 23.1 |
| Villagers / military | 83 / 28 |
Focus
⚔️ 31.9% · 🌾 68.1%
Huskarl ×25 · Fishing Ship ×21 · Spearman ×2 · Unknown (2626) ×2 · Transport Ship ×1
Feudal
17:39
Castle
31:30
Imperial
—
| APM avg | 37.2 |
| APM peak | 77 |
| eAPM avg | 20.5 |
| Villagers / military | 64 / 0 |
Focus
⚔️ 20.1% · 🌾 79.9%
Fishing Ship ×21 · Unknown (2626) ×4
Match map
Initial resources + every placement click. Lines = walls · curves = elevation contours. ◆ gold · ⬟ stone · ● berries · ✦ relic · ◌ wall gap
Your base· Open — unwalled flank
Brunker's base· Open — 12t gap
Elnath's base· Open — 3t gap
BoyWonder_'s base· Open — 10t gap
Eli's base· Open — unwalled flank
DaddyWonder's base· Open — unwalled flank
Calais's base· Open — 5t gap
MC MC MC's base· Open — 6t gap
Smoothed initial terrain · ◌ = detected wall gap · hover for details
Inputs per minute
— S-Tier Willy - - Brunker
Build order — S-Tier Willy
116 actions detected in the replay
| 0:25 | Build | Town Center |
| 1:23 | Build | Dock |
| 1:26 | Build | House |
| 2:55 | Create | Villager (Male) |
| 2:56 | Create | Villager (Male) |
| 2:56 | Create | Villager (Male) |
| 2:56 | Create | Villager (Male) |
| 2:57 | Create | Villager (Male) |
| 3:05 | Build | Palisade Wall |
| 3:58 | Research | Loom |
| 4:05 | Build | House |
| 4:12 | Create | Villager (Male) |
| 4:13 | Create | Villager (Male) |
| 4:56 | Create | Fishing Ship |
| 4:56 | Create | Fishing Ship |
| 5:24 | Create | Villager (Male) |
| 5:47 | Build | House |
| 5:54 | Create | Villager (Male) |
| 6:14 | Create | Villager (Male) |
| 6:44 | Create | Villager (Male) |
| 7:22 | Create | Villager (Male) |
| 7:46 | Create | Fishing Ship |
| 7:47 | Create | Villager (Male) |
| 8:00 | Build | House |
| 8:09 | Create | Villager (Male) |
| 9:03 | Create | Villager (Male) |
| 9:06 | Create | Fishing Ship |
| 9:12 | Build | House |
| 9:35 | Create | Villager (Male) |
| 9:57 | Create | Villager (Male) |
| 9:59 | Create | Fishing Ship |
| 10:20 | Create | Villager (Male) |
| 10:29 | Create | Fishing Ship |
| 10:30 | Create | Villager (Male) |
| 10:50 | Create | Villager (Male) |
| 10:53 | Build | House |
| 11:12 | Create | Fishing Ship |
| 11:13 | Create | Villager (Male) |
| 11:29 | Create | Villager (Male) |
| 11:46 | Create | Villager (Male) |
| 11:48 | Create | Fishing Ship |
| 11:50 | Build | House |
| 12:08 | Create | Villager (Male) |
| 12:11 | Build | Mining Camp |
| 12:50 | Create | Fishing Ship |
| 13:24 | Create | Villager (Male) |
| 13:27 | Build | Lumber Camp |
| 13:51 | Research | Feudal Age |
| 14:12 | Build | Outpost |
| 14:19 | Build | Outpost |
| 14:31 | Build | House |
| 15:27 | Create | Villager (Male) |
| 15:37 | Build | Palisade Wall |
| 15:39 | Build | Palisade Wall |
| 15:43 | Create | Villager (Male) |
| 16:01 | Age | Feudal Age |
| 16:05 | Build | Watch Tower |
| 16:09 | Build | Blacksmith |
| 16:12 | Research | Town Watch |
| 16:14 | Create | Villager (Male) |
| 16:33 | Create | Villager (Male) |
| 16:39 | Build | Watch Tower |
| 16:44 | Create | Villager (Male) |
| 17:01 | Build | Watch Tower |
| 17:05 | Create | Villager (Male) |
| 17:11 | Create | Villager (Male) |
| 17:13 | Research | Fletching |
| 17:14 | Create | Villager (Male) |
| 17:32 | Create | Villager (Male) |
| 17:34 | Build | Barracks |
| 17:42 | Create | Villager (Male) |
| 18:08 | Build | Dock |
| 18:19 | Build | Watch Tower |
| 18:23 | Create | Villager (Male) |
| 18:49 | Create | Spearman |
| 19:10 | Create | Villager (Male) |
| 19:14 | Build | Watch Tower |
| 19:15 | Create | Villager (Male) |
| 20:08 | Build | Watch Tower |
| 20:10 | Create | Villager (Male) |
| 20:27 | Create | Unit 2626 |
| 20:29 | Create | Unit 2626 |
| 20:57 | Build | Watch Tower |
| 21:00 | Create | Villager (Male) |
| 21:04 | Build | House |
| 21:50 | Create | Fire Galley |
| 21:50 | Create | Fire Galley |
| 21:51 | Create | Villager (Male) |
| 21:54 | Create | Spearman |
| 22:05 | Create | Villager (Male) |
| 22:14 | Build | House |
| 22:23 | Create | Spearman |
| 23:10 | Create | Spearman |
| 23:18 | Build | Watch Tower |
| 23:41 | Build | Mill |
| 23:53 | Build | Lumber Camp |
| 24:08 | Build | Watch Tower |
| 24:38 | Build | Stable |
| 26:09 | Build | Mining Camp |
| 26:25 | Create | Villager (Male) |
| 26:40 | Create | Villager (Male) |
| 26:41 | Build | Farm |
| 27:18 | Create | Spearman |
| 27:31 | Build | Gate |
| 27:34 | Create | Villager (Male) |
| 27:43 | Create | Villager (Male) |
| 28:13 | Build | Mill |
| 28:24 | Create | Villager (Male) |
| 28:31 | Create | Villager (Male) |
| 28:34 | Build | Farm |
| 28:46 | Build | Lumber Camp |
| 28:52 | Build | House |
| 29:10 | Create | Villager (Male) |
| 30:00 | Create | Villager (Male) |
| 30:03 | Create | Villager (Male) |
| 33:14 | Build | Town Center |
Build order — Brunker
First 150 of 166 actions detected
| 0:09 | Build | Town Center |
| 1:32 | Build | Dock |
| 1:37 | Build | House |
| 2:41 | Create | Villager (Male) |
| 2:41 | Create | Villager (Male) |
| 2:41 | Create | Villager (Male) |
| 2:42 | Create | Villager (Male) |
| 2:42 | Create | Villager (Male) |
| 3:42 | Build | Palisade Wall |
| 3:44 | Build | Palisade Wall |
| 3:50 | Create | Fishing Ship |
| 4:22 | Research | Loom |
| 4:39 | Build | House |
| 4:55 | Create | Villager (Male) |
| 5:18 | Create | Villager (Male) |
| 5:18 | Create | Villager (Male) |
| 5:50 | Create | Villager (Male) |
| 6:12 | Create | Fishing Ship |
| 6:23 | Create | Villager (Male) |
| 6:23 | Create | Villager (Male) |
| 6:42 | Build | House |
| 6:51 | Create | Villager (Male) |
| 7:19 | Build | Palisade Wall |
| 7:22 | Create | Villager (Male) |
| 7:44 | Create | Villager (Male) |
| 7:44 | Create | Villager (Male) |
| 7:50 | Create | Fishing Ship |
| 7:58 | Build | House |
| 8:06 | Create | Villager (Male) |
| 8:06 | Create | Villager (Male) |
| 8:07 | Create | Villager (Male) |
| 8:44 | Build | House |
| 8:51 | Create | Fishing Ship |
| 8:52 | Create | Villager (Male) |
| 9:02 | Create | Villager (Male) |
| 9:02 | Create | Villager (Male) |
| 9:10 | Create | Villager (Male) |
| 9:16 | Create | Fishing Ship |
| 9:20 | Build | Palisade Wall |
| 9:38 | Build | Lumber Camp |
| 9:41 | Create | Villager (Male) |
| 9:56 | Build | House |
| 10:03 | Create | Villager (Male) |
| 10:07 | Create | Villager (Male) |
| 10:17 | Build | Palisade Wall |
| 10:27 | Create | Fishing Ship |
| 11:14 | Research | Feudal Age |
| 11:19 | Build | Mining Camp |
| 11:25 | Build | Palisade Wall |
| 12:05 | Build | Barracks |
| 12:53 | Build | Outpost |
| 13:24 | Age | Feudal Age |
| 13:26 | Build | Archery Range |
| 13:36 | Build | Blacksmith |
| 13:41 | Create | Villager (Male) |
| 13:41 | Create | Villager (Male) |
| 13:41 | Create | Villager (Male) |
| 13:42 | Research | Double-Bit Axe |
| 13:45 | Create | Villager (Male) |
| 13:49 | Create | Unit 2626 |
| 14:18 | Create | Archer |
| 14:46 | Build | Siege Workshop |
| 14:54 | Create | Archer |
| 15:05 | Research | Town Watch |
| 15:06 | Create | Villager (Male) |
| 15:14 | Create | Archer |
| 15:25 | Create | Battering Ram |
| 15:30 | Create | Archer |
| 15:38 | Create | Villager (Male) |
| 16:03 | Create | Archer |
| 16:12 | Create | Villager (Male) |
| 16:16 | Create | Villager (Male) |
| 16:24 | Create | Archer |
| 16:47 | Create | Archer |
| 16:48 | Create | Battering Ram |
| 16:49 | Create | Villager (Male) |
| 17:00 | Create | Archer |
| 17:13 | Create | Villager (Male) |
| 17:22 | Research | Fletching |
| 17:23 | Research | Fletching |
| 17:37 | Create | Villager (Male) |
| 17:39 | Create | Archer |
| 17:50 | Create | Villager (Male) |
| 17:52 | Build | Town Center |
| 17:55 | Create | Battering Ram |
| 17:59 | Build | House |
| 18:29 | Create | Archer |
| 18:30 | Create | Villager (Male) |
| 18:33 | Create | Villager (Male) |
| 18:59 | Create | Archer |
| 19:17 | Create | Villager (Male) |
| 19:20 | Build | House |
| 19:21 | Research | Gold Mining |
| 19:22 | Create | Villager (Male) |
| 19:29 | Build | Mill |
| 19:48 | Create | Spearman |
| 19:51 | Create | Spearman |
| 20:35 | Create | Spearman |
| 20:43 | Build | House |
| 20:48 | Build | Farm |
| 20:49 | Build | Farm |
| 20:50 | Build | Farm |
| 20:52 | Build | Farm |
| 20:58 | Create | Battering Ram |
| 21:20 | Create | Battering Ram |
| 21:22 | Build | House |
| 21:25 | Create | Unit 2626 |
| 21:26 | Create | Villager (Male) |
| 21:41 | Create | Spearman |
| 21:41 | Create | Villager (Male) |
| 21:46 | Research | Padded Archer Armor |
| 21:49 | Build | Farm |
| 21:50 | Build | Farm |
| 21:50 | Build | Farm |
| 21:51 | Create | Villager (Male) |
| 21:57 | Build | Farm |
| 21:57 | Build | Farm |
| 22:40 | Create | Villager (Male) |
| 22:46 | Create | Spearman |
| 23:01 | Build | Farm |
| 23:02 | Build | Farm |
| 23:06 | Create | Villager (Male) |
| 23:28 | Build | Palisade Wall |
| 23:30 | Build | House |
| 23:38 | Build | House |
| 23:51 | Build | Palisade Wall |
| 24:08 | Create | Villager (Male) |
| 24:33 | Build | Mill |
| 24:33 | Create | Villager (Male) |
| 24:39 | Build | Farm |
| 24:40 | Build | Farm |
| 24:41 | Build | Farm |
| 24:42 | Build | Farm |
| 24:44 | Build | Farm |
| 24:47 | Build | Market |
| 25:16 | Build | House |
| 25:23 | Build | Palisade Gate |
| 25:26 | Build | House |
| 25:31 | Build | Palisade Wall |
| 25:47 | Create | Spearman |
| 25:48 | Create | Villager (Male) |
| 25:56 | Build | House |
| 26:01 | Build | House |
| 26:02 | Create | Villager (Male) |
| 26:05 | Build | Lumber Camp |
| 26:06 | Create | Villager (Male) |
| 26:24 | Build | Farm |
| 26:24 | Build | Farm |
| 26:25 | Build | Farm |
| 26:27 | Build | Farm |
Build order — Elnath
First 150 of 198 actions detected
| 0:13 | Build | House |
| 0:26 | Build | Town Center |
| 1:15 | Build | Dock |
| 2:57 | Create | Villager (Male) |
| 2:57 | Create | Villager (Male) |
| 2:58 | Create | Villager (Male) |
| 3:24 | Create | Villager (Male) |
| 3:54 | Create | Villager (Male) |
| 3:57 | Create | Fishing Ship |
| 4:40 | Build | House |
| 4:59 | Create | Villager (Male) |
| 5:02 | Research | Loom |
| 5:25 | Create | Fishing Ship |
| 5:27 | Create | Villager (Male) |
| 5:27 | Create | Villager (Male) |
| 6:08 | Create | Fishing Ship |
| 6:14 | Create | Villager (Male) |
| 6:22 | Build | House |
| 6:30 | Create | Villager (Male) |
| 6:51 | Create | Fishing Ship |
| 6:51 | Create | Fishing Ship |
| 7:06 | Create | Villager (Male) |
| 7:07 | Create | Villager (Male) |
| 7:29 | Create | Fishing Ship |
| 7:39 | Create | Villager (Male) |
| 7:39 | Create | Villager (Male) |
| 7:39 | Create | Villager (Male) |
| 7:43 | Build | House |
| 7:47 | Create | Villager (Male) |
| 7:47 | Create | Villager (Male) |
| 8:06 | Create | Fishing Ship |
| 8:23 | Create | Villager (Male) |
| 8:33 | Build | House |
| 8:45 | Create | Fishing Ship |
| 8:47 | Create | Villager (Male) |
| 9:07 | Build | House |
| 9:12 | Create | Fishing Ship |
| 9:12 | Create | Villager (Male) |
| 9:37 | Create | Villager (Male) |
| 9:41 | Build | Lumber Camp |
| 10:36 | Research | Feudal Age |
| 10:41 | Build | Mining Camp |
| 11:13 | Build | House |
| 11:22 | Build | Barracks |
| 12:03 | Create | Villager (Male) |
| 12:46 | Age | Feudal Age |
| 12:51 | Build | Stable |
| 12:56 | Build | Blacksmith |
| 13:14 | Create | Villager (Male) |
| 13:24 | Research | Town Watch |
| 13:55 | Build | Outpost |
| 14:06 | Research | Castle Age |
| 14:17 | Build | House |
| 14:26 | Research | Double-Bit Axe |
| 14:40 | Research | Tech 906 |
| 15:06 | Build | House |
| 15:12 | Research | Gold Mining |
| 16:03 | Create | Villager (Male) |
| 16:46 | Age | Castle Age |
| 16:47 | Create | Knight |
| 16:51 | Build | Monastery |
| 16:52 | Research | Bow Saw |
| 16:55 | Create | Villager (Male) |
| 17:09 | Create | Villager (Male) |
| 17:12 | Create | Knight |
| 17:22 | Create | Villager (Male) |
| 17:44 | Create | Monk |
| 17:46 | Create | Knight |
| 17:49 | Create | Villager (Male) |
| 17:59 | Build | House |
| 18:11 | Build | Siege Workshop |
| 18:14 | Create | Villager (Male) |
| 18:52 | Create | Villager (Male) |
| 19:01 | Create | Mangonel |
| 19:22 | Create | Mangonel |
| 19:36 | Create | Mangonel |
| 19:41 | Create | Villager (Male) |
| 19:45 | Build | Town Center |
| 20:05 | Create | Villager (Male) |
| 20:12 | Create | Knight |
| 20:15 | Create | Monk |
| 20:32 | Research | Scale Barding Armor |
| 20:41 | Create | Knight |
| 20:48 | Build | Mill |
| 20:56 | Build | House |
| 20:59 | Create | Knight |
| 21:00 | Create | Villager (Male) |
| 21:22 | Create | Knight |
| 21:25 | Create | Monk |
| 21:27 | Create | Villager (Male) |
| 21:33 | Create | Villager (Male) |
| 21:36 | Research | Horse Collar |
| 21:37 | Create | Villager (Male) |
| 21:44 | Build | Stable |
| 21:45 | Create | Villager (Male) |
| 22:05 | Create | Knight |
| 22:06 | Create | Villager (Male) |
| 22:10 | Build | Farm |
| 22:12 | Build | Farm |
| 22:14 | Build | Farm |
| 22:16 | Build | Farm |
| 22:17 | Build | Farm |
| 22:25 | Create | Monk |
| 22:27 | Create | Villager (Male) |
| 22:28 | Build | Farm |
| 22:29 | Create | Villager (Male) |
| 22:39 | Build | Town Center |
| 22:54 | Create | Villager (Male) |
| 22:57 | Build | Farm |
| 23:00 | Build | Farm |
| 23:00 | Build | Farm |
| 23:02 | Build | Farm |
| 23:03 | Create | Villager (Male) |
| 23:08 | Build | Farm |
| 23:08 | Build | Farm |
| 23:16 | Create | Villager (Male) |
| 23:37 | Create | Villager (Male) |
| 23:42 | Create | Villager (Male) |
| 23:44 | Create | Villager (Male) |
| 23:46 | Build | Farm |
| 23:51 | Create | Villager (Male) |
| 23:55 | Create | Monk |
| 24:22 | Create | Villager (Male) |
| 24:26 | Create | Villager (Male) |
| 24:27 | Create | Knight |
| 24:28 | Create | Villager (Male) |
| 24:30 | Build | Stable |
| 24:34 | Create | Villager (Male) |
| 24:36 | Build | Farm |
| 24:37 | Build | Farm |
| 24:38 | Build | Farm |
| 24:54 | Create | Knight ×5 |
| 24:59 | Research | Chain Barding Armor |
| 25:05 | Create | Knight |
| 25:12 | Create | Villager (Male) |
| 25:19 | Build | Stable |
| 25:30 | Create | Knight |
| 25:33 | Research | Husbandry |
| 25:50 | Create | Villager (Male) |
| 25:54 | Research | Bloodlines |
| 25:56 | Create | Villager (Male) |
| 26:05 | Create | Villager (Male) |
| 26:13 | Create | Villager (Male) |
| 26:16 | Create | Villager (Male) |
| 26:21 | Create | Knight |
| 26:22 | Create | Villager (Male) |
| 26:25 | Build | Lumber Camp |
| 26:27 | Create | Villager (Male) |
| 26:39 | Create | Knight |
| 26:41 | Create | Knight |
Build order — BoyWonder_
First 150 of 246 actions detected
| 0:30 | Build | Town Center |
| 0:45 | Build | Dock |
| 0:48 | Build | House |
| 2:41 | Create | Villager (Male) |
| 2:41 | Create | Villager (Male) |
| 2:42 | Create | Villager (Male) |
| 2:42 | Create | Villager (Male) |
| 3:38 | Create | Fishing Ship |
| 3:38 | Create | Fishing Ship |
| 3:49 | Create | Villager (Male) |
| 4:27 | Build | House |
| 4:43 | Create | Villager (Male) |
| 5:06 | Create | Villager (Male) |
| 5:35 | Create | Villager (Male) |
| 5:36 | Create | Fishing Ship |
| 5:45 | Build | House |
| 5:58 | Create | Villager (Male) |
| 6:18 | Create | Fishing Ship |
| 6:27 | Create | Villager (Male) |
| 6:27 | Create | Villager (Male) |
| 6:48 | Build | House |
| 6:55 | Create | Villager (Male) |
| 6:55 | Create | Villager (Male) |
| 7:02 | Create | Fishing Ship |
| 7:19 | Create | Villager (Male) |
| 7:34 | Create | Fishing Ship |
| 7:37 | Create | Villager (Male) |
| 8:03 | Create | Villager (Male) |
| 8:16 | Build | House |
| 8:18 | Create | Fishing Ship |
| 8:25 | Create | Villager (Male) |
| 8:45 | Create | Villager (Male) |
| 8:46 | Build | Barracks |
| 8:55 | Create | Villager (Male) |
| 9:11 | Create | Fishing Ship |
| 9:27 | Create | Villager (Male) |
| 9:34 | Create | Villager (Male) |
| 9:42 | Build | Mining Camp |
| 10:06 | Create | Fishing Ship |
| 10:06 | Create | Fishing Ship |
| 10:19 | Create | Villager (Male) |
| 10:43 | Build | House |
| 10:59 | Create | Fishing Ship |
| 11:09 | Research | Feudal Age |
| 11:09 | Research | Feudal Age |
| 11:54 | Research | Loom |
| 12:02 | Create | Villager (Male) |
| 12:11 | Build | Palisade Gate |
| 12:13 | Build | Palisade Wall |
| 12:20 | Build | Lumber Camp |
| 13:19 | Age | Feudal Age |
| 13:20 | Build | Archery Range |
| 13:36 | Research | Double-Bit Axe |
| 13:36 | Research | Double-Bit Axe |
| 13:43 | Create | Villager (Male) |
| 13:52 | Build | House |
| 14:02 | Create | Archer |
| 14:08 | Create | Villager (Male) |
| 14:10 | Build | Blacksmith |
| 14:15 | Create | Archer |
| 14:43 | Build | House |
| 14:45 | Research | Fletching |
| 14:46 | Research | Fletching |
| 14:48 | Create | Archer |
| 15:44 | Build | Town Center |
| 16:04 | Research | Tech 906 |
| 16:04 | Research | Tech 906 |
| 16:18 | Research | Castle Age |
| 16:18 | Research | Castle Age |
| 16:22 | Create | Archer |
| 16:40 | Create | Fishing Ship |
| 16:53 | Build | Dock |
| 16:59 | Create | Archer |
| 17:09 | Create | Archer |
| 17:14 | Research | Gold Mining |
| 17:14 | Research | Gold Mining |
| 17:14 | Research | Gold Mining |
| 17:44 | Create | Fishing Ship |
| 17:44 | Create | Fishing Ship |
| 18:11 | Create | Villager (Male) |
| 18:13 | Build | House |
| 18:14 | Build | House |
| 18:33 | Build | House |
| 18:58 | Age | Castle Age |
| 19:00 | Research | Bodkin Arrow |
| 19:01 | Research | Bodkin Arrow |
| 19:02 | Build | Siege Workshop |
| 19:06 | Create | Villager (Male) |
| 19:07 | Create | Cavalry Archer |
| 19:31 | Create | Villager (Male) |
| 19:35 | Create | Cavalry Archer |
| 19:46 | Create | Mangonel |
| 19:48 | Build | House |
| 19:58 | Create | Villager (Male) |
| 20:06 | Create | Mangonel |
| 20:24 | Create | Cavalry Archer |
| 20:25 | Create | Villager (Male) |
| 20:35 | Build | House |
| 20:37 | Create | Cavalry Archer |
| 20:44 | Create | Villager (Male) |
| 20:57 | Create | Cavalry Archer |
| 20:59 | Create | Villager (Male) |
| 21:03 | Research | Bow Saw |
| 21:03 | Research | Bow Saw |
| 21:07 | Build | House |
| 21:22 | Build | Monastery |
| 21:33 | Create | Villager (Male) |
| 21:37 | Build | House |
| 21:42 | Create | Fishing Ship |
| 21:43 | Create | Fishing Ship |
| 22:03 | Create | Villager (Male) |
| 22:26 | Build | Dock |
| 22:30 | Create | Monk |
| 22:31 | Create | Villager (Male) |
| 22:33 | Research | Gillnets |
| 22:33 | Research | Gillnets |
| 22:39 | Create | Cavalry Archer |
| 22:50 | Create | Cavalry Archer |
| 22:51 | Create | Villager (Male) |
| 23:06 | Create | Cavalry Archer |
| 23:07 | Create | Villager (Male) |
| 23:21 | Create | Cavalry Archer |
| 23:23 | Create | Fire Galley |
| 23:25 | Build | House |
| 23:29 | Create | Villager (Male) |
| 23:30 | Build | Lumber Camp |
| 23:48 | Build | Town Center |
| 23:53 | Create | Villager (Male) |
| 24:16 | Build | Dock |
| 24:27 | Create | Monk |
| 24:47 | Create | Unit 2626 |
| 24:48 | Create | Villager (Male) |
| 25:17 | Create | Villager (Male) |
| 25:20 | Research | War Galley (upgrade) |
| 25:20 | Research | War Galley (upgrade) |
| 25:24 | Create | Fire Galley |
| 25:25 | Research | War Galley (upgrade) |
| 25:26 | Research | War Galley (upgrade) |
| 25:32 | Build | Outpost |
| 25:39 | Build | Mill |
| 25:40 | Create | Villager (Male) |
| 25:42 | Build | House |
| 26:06 | Create | Cavalry Archer |
| 26:07 | Create | Villager (Male) |
| 26:13 | Create | Villager (Male) |
| 26:17 | Create | Cavalry Archer |
| 26:19 | Build | Stable |
| 26:20 | Create | Villager (Male) |
| 26:27 | Create | Cavalry Archer |
| 26:28 | Create | Villager (Male) |
Build order — Eli
First 150 of 298 actions detected
| 0:15 | Build | Town Center |
| 0:37 | Build | Dock |
| 0:42 | Build | House |
| 2:35 | Create | Villager (Male) |
| 2:35 | Create | Villager (Male) |
| 2:35 | Create | Villager (Male) |
| 2:36 | Create | Villager (Male) |
| 3:39 | Create | Villager (Male) |
| 3:43 | Create | Fishing Ship |
| 3:43 | Create | Fishing Ship |
| 4:00 | Build | House |
| 4:29 | Create | Villager (Male) |
| 5:00 | Create | Villager (Male) |
| 5:00 | Create | Villager (Male) |
| 5:20 | Create | Fishing Ship |
| 5:23 | Create | Villager (Male) |
| 5:24 | Create | Villager (Male) |
| 5:35 | Build | House |
| 5:48 | Create | Villager (Male) |
| 6:11 | Create | Villager (Male) |
| 6:27 | Create | Fishing Ship |
| 6:27 | Create | Fishing Ship |
| 6:38 | Create | Villager (Male) |
| 6:44 | Build | House |
| 6:57 | Build | House |
| 7:03 | Create | Villager (Male) |
| 7:16 | Create | Fishing Ship |
| 7:21 | Create | Villager (Male) |
| 7:22 | Create | Villager (Male) |
| 7:36 | Create | Fishing Ship |
| 7:37 | Create | Fishing Ship |
| 7:41 | Create | Villager (Male) |
| 7:41 | Create | Villager (Male) |
| 8:00 | Create | Villager (Male) |
| 8:01 | Create | Villager (Male) |
| 8:10 | Build | House |
| 8:12 | Create | Villager (Male) |
| 8:12 | Create | Villager (Male) |
| 8:28 | Create | Fishing Ship |
| 8:51 | Create | Villager (Male) |
| 8:55 | Build | Lumber Camp |
| 9:21 | Create | Fishing Ship |
| 9:31 | Build | House |
| 9:33 | Create | Villager (Male) |
| 9:40 | Research | Double-Bit Axe |
| 9:50 | Create | Villager (Male) |
| 10:03 | Create | Fishing Ship |
| 10:14 | Research | Tech 906 |
| 10:22 | Create | Villager (Male) |
| 10:26 | Build | Dock |
| 10:34 | Create | Villager (Male) |
| 10:40 | Build | House |
| 10:52 | Create | Fishing Ship |
| 11:07 | Create | Fishing Ship |
| 11:12 | Create | Villager (Male) |
| 11:20 | Build | Mining Camp |
| 11:39 | Create | Fishing Ship |
| 11:46 | Research | Loom |
| 11:57 | Create | Fishing Ship |
| 12:15 | Research | Feudal Age |
| 12:27 | Build | Mill |
| 12:31 | Build | Mill |
| 12:38 | Create | Fishing Ship |
| 12:44 | Build | House |
| 13:22 | Create | Villager (Male) |
| 13:35 | Create | Fishing Ship |
| 14:12 | Create | Fishing Ship |
| 14:25 | Age | Feudal Age |
| 14:26 | Build | Market |
| 14:27 | Build | Blacksmith |
| 14:49 | Create | Villager (Male) |
| 14:55 | Create | Fishing Ship |
| 15:15 | Research | Castle Age |
| 15:15 | Research | Castle Age |
| 15:18 | Build | Mining Camp |
| 15:23 | Research | Gillnets |
| 15:27 | Research | Gillnets |
| 15:31 | Research | Gold Mining |
| 15:46 | Build | House |
| 15:48 | Build | House |
| 15:48 | Build | House |
| 16:01 | Research | Stone Mining |
| 16:24 | Research | Bow Saw |
| 16:36 | Research | Scale Barding Armor |
| 17:19 | Build | Barracks |
| 17:39 | Create | Villager (Male) |
| 17:55 | Age | Castle Age |
| 17:56 | Build | Castle |
| 18:10 | Build | Monastery |
| 18:11 | Create | Villager (Male) |
| 18:16 | Research | Forging |
| 18:24 | Create | Villager (Male) |
| 18:28 | Create | Villager (Male) |
| 18:52 | Create | Monk |
| 18:55 | Research | Devotion |
| 19:11 | Create | Coustillier |
| 19:11 | Create | Coustillier |
| 19:13 | Create | Villager (Male) |
| 19:19 | Build | Stable |
| 19:26 | Create | Coustillier |
| 19:36 | Create | Villager (Male) |
| 19:45 | Create | Coustillier |
| 20:05 | Create | Coustillier |
| 20:14 | Research | Husbandry |
| 20:15 | Research | Husbandry |
| 20:22 | Create | Villager (Male) |
| 20:23 | Create | Villager (Male) |
| 20:33 | Research | Chain Barding Armor |
| 20:36 | Create | Villager (Male) |
| 20:42 | Create | Coustillier |
| 20:50 | Create | Villager (Male) |
| 20:55 | Create | Coustillier |
| 21:04 | Create | Coustillier |
| 21:09 | Research | Horse Collar |
| 21:09 | Research | Horse Collar |
| 21:11 | Create | Villager (Male) |
| 21:19 | Create | Coustillier |
| 21:22 | Build | Farm |
| 21:23 | Build | Farm |
| 21:25 | Build | Farm |
| 21:34 | Build | House |
| 21:35 | Create | Villager (Male) |
| 21:42 | Create | Coustillier |
| 21:48 | Build | Farm |
| 21:49 | Build | Farm |
| 22:15 | Create | Coustillier |
| 22:23 | Create | Villager (Male) |
| 22:28 | Create | Coustillier |
| 22:37 | Build | Farm |
| 22:39 | Create | Villager (Male) |
| 22:50 | Create | Villager (Male) |
| 23:00 | Create | Villager (Male) |
| 23:04 | Create | Coustillier |
| 23:06 | Build | Farm |
| 23:07 | Build | Farm |
| 23:11 | Create | Coustillier |
| 23:11 | Create | Coustillier |
| 23:25 | Build | Castle |
| 23:25 | Create | Villager (Male) |
| 23:35 | Build | Farm |
| 23:36 | Build | Farm |
| 23:41 | Create | Coustillier |
| 23:55 | Build | Siege Workshop |
| 23:57 | Create | Villager (Male) |
| 24:04 | Research | Wheelbarrow |
| 24:05 | Research | Wheelbarrow |
| 24:20 | Create | Villager (Male) |
| 24:39 | Create | Battering Ram |
| 24:48 | Create | Villager (Male) |
| 24:52 | Research | Town Watch |
Build order — DaddyWonder
First 150 of 306 actions detected
| 0:10 | Build | Town Center |
| 1:15 | Build | Dock |
| 1:19 | Build | House |
| 2:42 | Create | Villager (Male) |
| 2:42 | Create | Villager (Male) |
| 2:42 | Create | Villager (Male) |
| 2:43 | Create | Villager (Male) |
| 2:43 | Create | Villager (Male) |
| 3:52 | Create | Villager (Male) |
| 3:52 | Create | Villager (Male) |
| 3:52 | Create | Villager (Male) |
| 4:27 | Create | Fishing Ship |
| 4:43 | Research | Loom |
| 4:59 | Build | House |
| 5:05 | Create | Villager (Male) |
| 5:05 | Create | Villager (Male) |
| 5:38 | Create | Villager (Male) |
| 5:38 | Create | Villager (Male) |
| 5:40 | Create | Fishing Ship |
| 5:40 | Create | Fishing Ship |
| 5:59 | Create | Villager (Male) |
| 5:59 | Create | Villager (Male) |
| 6:19 | Build | House |
| 6:23 | Create | Villager (Male) |
| 6:24 | Create | Villager (Male) |
| 6:24 | Create | Villager (Male) |
| 6:52 | Create | Villager (Male) |
| 6:52 | Create | Villager (Male) |
| 7:09 | Build | House |
| 7:14 | Create | Villager (Male) |
| 7:15 | Create | Fishing Ship |
| 7:41 | Create | Villager (Male) |
| 7:59 | Create | Fishing Ship |
| 8:04 | Build | House |
| 8:08 | Create | Villager (Male) |
| 8:09 | Create | Villager (Male) |
| 8:09 | Create | Villager (Male) |
| 8:29 | Create | Fishing Ship |
| 8:38 | Build | House |
| 8:43 | Create | Villager (Male) |
| 8:43 | Create | Villager (Male) |
| 8:55 | Build | House |
| 8:59 | Create | Villager (Male) |
| 9:06 | Build | Palisade Wall |
| 9:21 | Build | Lumber Camp |
| 9:38 | Create | Fishing Ship |
| 9:46 | Create | Villager (Male) |
| 9:54 | Create | Villager (Male) |
| 10:03 | Create | Fishing Ship |
| 10:12 | Build | House |
| 10:19 | Create | Villager (Male) |
| 10:41 | Create | Fishing Ship |
| 10:49 | Build | House |
| 10:50 | Build | House |
| 10:51 | Create | Villager (Male) |
| 10:56 | Create | Villager (Male) |
| 11:00 | Create | Fishing Ship |
| 11:55 | Build | Dock |
| 11:57 | Create | Fishing Ship |
| 11:59 | Create | Villager (Male) |
| 12:33 | Build | Lumber Camp |
| 12:37 | Create | Fishing Ship |
| 12:40 | Create | Villager (Male) |
| 12:41 | Create | Villager (Male) |
| 13:04 | Build | Dock |
| 13:07 | Create | Fishing Ship |
| 13:08 | Create | Villager (Male) |
| 13:14 | Build | House |
| 13:15 | Build | House |
| 13:16 | Build | House |
| 13:19 | Build | Palisade Wall |
| 13:26 | Build | House |
| 13:27 | Create | Fishing Ship |
| 13:29 | Create | Fishing Ship |
| 13:31 | Create | Fishing Ship |
| 13:46 | Create | Villager (Male) |
| 13:54 | Create | Fishing Ship |
| 13:55 | Create | Fishing Ship |
| 13:58 | Create | Villager (Male) |
| 14:01 | Build | House |
| 14:17 | Build | House |
| 14:19 | Create | Fishing Ship |
| 14:20 | Create | Fishing Ship |
| 14:29 | Create | Fishing Ship |
| 14:30 | Create | Fishing Ship |
| 14:52 | Build | House |
| 15:01 | Research | Feudal Age |
| 15:09 | Build | Palisade Wall |
| 15:11 | Create | Fishing Ship |
| 15:12 | Create | Fishing Ship |
| 15:25 | Create | Fishing Ship |
| 15:26 | Create | Fishing Ship |
| 15:45 | Build | Mining Camp |
| 15:49 | Create | Villager (Male) |
| 16:12 | Build | Barracks |
| 16:18 | Build | Palisade Wall |
| 17:11 | Age | Feudal Age |
| 17:14 | Build | Stable |
| 17:18 | Build | Blacksmith |
| 17:37 | Create | Villager (Male) |
| 17:41 | Research | Tech 906 |
| 17:49 | Create | Scout Cavalry |
| 18:03 | Research | Castle Age |
| 18:16 | Create | Fishing Ship |
| 18:16 | Create | Fishing Ship |
| 18:16 | Create | Fishing Ship |
| 18:23 | Research | Scale Barding Armor |
| 18:35 | Research | Bloodlines |
| 18:38 | Build | Stable |
| 19:17 | Research | Forging |
| 19:20 | Build | Stable |
| 19:25 | Build | House |
| 19:34 | Build | House |
| 19:40 | Build | House |
| 19:50 | Build | House |
| 20:12 | Build | Gate |
| 20:23 | Build | House |
| 20:27 | Build | House |
| 20:39 | Build | Stone Wall |
| 20:43 | Age | Castle Age |
| 20:46 | Create | Knight |
| 20:46 | Create | Knight |
| 20:48 | Research | Chain Barding Armor |
| 20:57 | Build | Siege Workshop |
| 21:00 | Create | Knight |
| 21:00 | Create | Knight |
| 21:01 | Create | Knight |
| 21:15 | Create | Knight |
| 21:15 | Create | Knight |
| 21:23 | Research | Husbandry |
| 21:24 | Create | Villager (Male) |
| 21:24 | Create | Villager (Male) |
| 21:24 | Create | Villager (Male) |
| 21:45 | Create | Villager (Male) |
| 21:45 | Create | Villager (Male) |
| 21:49 | Create | Knight |
| 21:49 | Create | Knight |
| 21:50 | Create | Knight |
| 21:55 | Create | Knight |
| 21:56 | Create | Knight |
| 22:05 | Create | Villager (Male) |
| 22:20 | Create | Villager (Male) |
| 22:27 | Create | Knight |
| 22:28 | Create | Knight |
| 22:28 | Create | Knight |
| 22:44 | Create | Villager (Male) |
| 22:44 | Create | Villager (Male) |
| 22:45 | Create | Villager (Male) |
| 22:45 | Create | Villager (Male) |
| 22:45 | Create | Villager (Male) |
Build order — Calais
First 150 of 218 actions detected
| 0:42 | Build | Town Center |
| 0:55 | Build | Dock |
| 0:56 | Build | House |
| 3:00 | Research | Loom |
| 3:00 | Create | Villager (Male) ×4 |
| 4:07 | Create | Villager (Male) |
| 4:08 | Create | Villager (Male) |
| 4:35 | Create | Fishing Ship |
| 4:35 | Create | Fishing Ship |
| 5:09 | Create | Fishing Ship |
| 5:29 | Create | Villager (Male) |
| 5:29 | Create | Villager (Male) |
| 5:34 | Build | House |
| 5:41 | Create | Villager (Male) |
| 6:02 | Create | Villager (Male) |
| 6:34 | Create | Villager (Male) |
| 6:48 | Create | Fishing Ship |
| 7:08 | Create | Villager (Male) |
| 7:08 | Create | Villager (Male) |
| 7:23 | Build | House |
| 7:33 | Create | Fishing Ship |
| 7:44 | Create | Villager (Male) |
| 8:07 | Build | House |
| 8:08 | Create | Villager (Male) |
| 8:46 | Build | Lumber Camp |
| 8:48 | Create | Villager (Male) |
| 8:48 | Create | Villager (Male) |
| 8:58 | Create | Fishing Ship |
| 9:15 | Create | Villager (Male) |
| 9:16 | Create | Villager (Male) |
| 9:43 | Build | House |
| 9:46 | Build | House |
| 9:50 | Build | Palisade Wall |
| 9:57 | Create | Villager (Male) |
| 10:06 | Build | House |
| 10:24 | Create | Villager (Male) |
| 10:24 | Create | Villager (Male) |
| 10:24 | Create | Villager (Male) |
| 11:14 | Build | House |
| 11:39 | Build | Town Center |
| 12:28 | Create | Villager (Male) ×4 |
| 12:47 | Build | House |
| 12:53 | Build | Palisade Wall |
| 13:54 | Create | Fishing Ship |
| 13:56 | Create | Fishing Ship |
| 14:17 | Create | Villager (Male) ×3 |
| 14:41 | Build | Outpost |
| 14:52 | Build | Mill |
| 14:55 | Build | Outpost |
| 15:01 | Build | Dock |
| 15:22 | Build | House |
| 15:24 | Build | House |
| 15:26 | Build | House |
| 15:27 | Build | House |
| 15:29 | Build | House |
| 15:31 | Build | House |
| 15:33 | Build | House |
| 15:43 | Create | Villager (Male) |
| 15:44 | Create | Villager (Male) |
| 15:58 | Build | Dock |
| 16:13 | Create | Villager (Male) |
| 16:38 | Create | Fishing Ship |
| 16:38 | Create | Fishing Ship |
| 16:57 | Create | Fishing Ship |
| 16:58 | Create | Fishing Ship |
| 17:08 | Build | Dock |
| 17:13 | Create | Villager (Male) |
| 17:45 | Build | Mining Camp |
| 17:46 | Create | Villager (Male) |
| 18:01 | Create | Fishing Ship |
| 18:11 | Research | Feudal Age |
| 18:11 | Research | Feudal Age |
| 18:47 | Create | Fishing Ship |
| 18:48 | Create | Fishing Ship |
| 18:54 | Build | Dock |
| 19:47 | Create | Transport Ship |
| 20:21 | Age | Feudal Age |
| 20:27 | Build | Blacksmith |
| 20:27 | Create | Villager (Male) |
| 20:30 | Build | Market |
| 21:21 | Research | Town Watch |
| 22:18 | Build | Town Center |
| 22:43 | Build | Lumber Camp |
| 22:51 | Research | Castle Age |
| 23:02 | Research | Double-Bit Axe |
| 23:42 | Create | Unit 2626 |
| 24:33 | Research | Tech 906 |
| 24:47 | Create | Unit 2626 |
| 25:31 | Age | Castle Age |
| 25:33 | Create | Villager (Male) |
| 25:36 | Build | Town Center |
| 25:43 | Create | Villager (Male) ×5 |
| 26:18 | Create | Villager (Male) ×5 |
| 26:32 | Build | Castle |
| 27:02 | Build | Town Center |
| 27:18 | Research | Fletching |
| 27:20 | Research | Bow Saw |
| 27:44 | Create | Villager (Male) |
| 27:44 | Create | Villager (Male) |
| 27:45 | Create | Villager (Male) |
| 27:45 | Create | Villager (Male) |
| 27:46 | Create | Villager (Male) |
| 28:08 | Create | Villager (Male) |
| 28:08 | Create | Villager (Male) |
| 28:08 | Create | Villager (Male) |
| 28:14 | Create | Huskarl |
| 28:15 | Create | Huskarl |
| 28:18 | Research | Scale Mail Armor |
| 28:24 | Build | Town Center |
| 28:47 | Create | Huskarl |
| 28:51 | Build | Barracks |
| 29:06 | Build | Dock |
| 29:07 | Create | Fishing Ship |
| 29:11 | Create | Villager (Male) |
| 29:11 | Create | Villager (Male) |
| 29:12 | Create | Villager (Male) |
| 29:12 | Create | Villager (Male) |
| 29:13 | Research | Forging |
| 29:14 | Research | Forging |
| 29:33 | Create | Villager (Male) |
| 29:34 | Create | Villager (Male) |
| 29:46 | Create | Huskarl |
| 29:46 | Create | Huskarl |
| 29:50 | Create | Spearman |
| 29:50 | Create | Spearman |
| 29:55 | Build | Barracks |
| 30:17 | Research | Pikeman (upgrade) |
| 30:17 | Research | Pikeman (upgrade) |
| 30:30 | Create | Villager (Male) |
| 30:31 | Create | Villager (Male) |
| 30:33 | Build | Farm |
| 30:34 | Build | Farm |
| 30:34 | Build | Farm |
| 30:37 | Research | Horse Collar |
| 30:37 | Research | Horse Collar |
| 30:58 | Build | Outpost |
| 31:04 | Research | Heavy Plow |
| 31:04 | Research | Wheelbarrow |
| 31:15 | Create | Huskarl |
| 31:15 | Create | Huskarl |
| 31:23 | Build | Outpost |
| 31:27 | Create | Villager (Male) |
| 31:27 | Create | Villager (Male) |
| 31:27 | Create | Villager (Male) |
| 31:28 | Create | Villager (Male) |
| 31:31 | Create | Fishing Ship |
| 31:32 | Create | Fishing Ship |
| 31:33 | Create | Fishing Ship |
| 31:44 | Build | Dock |
| 31:55 | Create | Villager (Male) |
Build order — MC MC MC
First 150 of 163 actions detected
| 0:08 | Build | Town Center |
| 0:55 | Build | Dock |
| 0:56 | Build | House |
| 2:29 | Create | Villager (Male) |
| 2:29 | Create | Villager (Male) |
| 2:29 | Create | Villager (Male) |
| 2:30 | Create | Villager (Male) |
| 2:30 | Create | Villager (Male) |
| 3:16 | Research | Loom |
| 3:35 | Build | House |
| 3:47 | Create | Villager (Male) |
| 3:47 | Create | Villager (Male) |
| 3:47 | Create | Villager (Male) |
| 4:08 | Build | House |
| 4:51 | Build | House |
| 4:55 | Create | Villager (Male) |
| 4:55 | Create | Villager (Male) |
| 5:06 | Create | Fishing Ship |
| 5:06 | Create | Fishing Ship |
| 5:35 | Create | Villager (Male) |
| 5:35 | Create | Villager (Male) |
| 5:45 | Build | House |
| 6:10 | Create | Villager (Male) |
| 6:10 | Create | Villager (Male) |
| 6:27 | Create | Fishing Ship |
| 6:27 | Create | Fishing Ship |
| 6:43 | Create | Villager (Male) |
| 6:44 | Create | Villager (Male) |
| 7:10 | Create | Villager (Male) |
| 7:11 | Create | Villager (Male) |
| 7:16 | Build | House |
| 7:38 | Create | Villager (Male) |
| 7:39 | Create | Villager (Male) |
| 7:39 | Create | Villager (Male) |
| 7:39 | Create | Villager (Male) |
| 7:58 | Create | Villager (Male) |
| 8:38 | Build | House |
| 8:46 | Create | Fishing Ship |
| 8:51 | Create | Villager (Male) |
| 8:51 | Create | Villager (Male) |
| 9:02 | Build | Palisade Gate |
| 9:16 | Create | Villager (Male) |
| 9:16 | Create | Villager (Male) |
| 9:20 | Build | Mill |
| 9:31 | Build | House |
| 9:52 | Create | Villager (Male) |
| 10:02 | Create | Fishing Ship |
| 10:02 | Create | Fishing Ship |
| 10:14 | Create | Villager (Male) |
| 10:40 | Create | Fishing Ship |
| 10:42 | Create | Fishing Ship |
| 10:46 | Build | House |
| 11:07 | Create | Villager (Male) |
| 11:10 | Build | Mill |
| 11:25 | Build | Mill |
| 11:31 | Build | House |
| 11:32 | Create | Villager (Male) |
| 11:36 | Create | Fishing Ship |
| 11:36 | Create | Fishing Ship |
| 11:47 | Create | Villager (Male) |
| 12:15 | Create | Villager (Male) |
| 12:22 | Create | Fishing Ship |
| 12:32 | Build | Lumber Camp |
| 13:02 | Create | Villager (Male) |
| 13:09 | Create | Fishing Ship |
| 13:25 | Build | Mining Camp |
| 13:39 | Build | House |
| 13:44 | Create | Villager (Male) |
| 13:51 | Build | Mining Camp |
| 13:53 | Create | Villager (Male) |
| 14:37 | Build | Dock |
| 14:39 | Create | Villager (Male) |
| 14:42 | Create | Villager (Male) |
| 14:57 | Build | House |
| 14:59 | Build | House |
| 15:01 | Build | Palisade Wall |
| 15:04 | Build | House |
| 15:06 | Build | House |
| 15:19 | Build | Palisade Wall |
| 15:21 | Research | Feudal Age |
| 15:21 | Research | Feudal Age |
| 15:22 | Research | Feudal Age |
| 15:46 | Build | Palisade Gate |
| 16:03 | Build | House |
| 17:10 | Create | Villager (Male) |
| 17:21 | Create | Fishing Ship |
| 17:22 | Create | Fishing Ship |
| 17:31 | Build | Lumber Camp |
| 17:39 | Age | Feudal Age |
| 17:55 | Research | Tech 906 |
| 18:05 | Create | Villager (Male) |
| 18:12 | Build | Watch Tower |
| 18:14 | Build | Barracks |
| 18:17 | Create | Villager (Male) |
| 18:31 | Build | House |
| 18:33 | Build | Stone Wall |
| 19:32 | Create | Villager (Male) |
| 19:41 | Create | Villager (Male) |
| 19:59 | Create | Villager (Male) |
| 21:33 | Build | Palisade Wall |
| 21:41 | Build | Stone Wall |
| 21:44 | Build | Stone Wall |
| 22:19 | Build | House |
| 22:23 | Build | House |
| 22:35 | Create | Fishing Ship |
| 22:49 | Build | Lumber Camp |
| 22:59 | Research | Double-Bit Axe |
| 23:00 | Research | Double-Bit Axe |
| 23:45 | Build | Stone Wall |
| 23:51 | Build | Gate |
| 23:58 | Build | House |
| 24:06 | Build | House |
| 24:23 | Build | Town Center |
| 24:49 | Build | Stone Wall |
| 25:03 | Build | Gate |
| 25:20 | Build | Stone Wall |
| 25:40 | Create | Villager (Male) |
| 25:40 | Create | Villager (Male) |
| 25:41 | Create | Villager (Male) |
| 25:41 | Create | Villager (Male) |
| 26:32 | Build | Market |
| 27:20 | Create | Villager (Male) |
| 27:27 | Build | Blacksmith |
| 28:04 | Create | Villager (Male) |
| 28:18 | Create | Unit 2626 |
| 28:19 | Create | Unit 2626 |
| 28:50 | Research | Castle Age |
| 28:50 | Research | Castle Age |
| 29:14 | Create | Unit 2626 |
| 29:15 | Create | Unit 2626 |
| 30:26 | Build | House |
| 30:28 | Build | House |
| 30:37 | Create | Villager (Male) |
| 30:44 | Create | Villager (Male) |
| 31:21 | Build | Fish Trap |
| 31:25 | Build | Fish Trap |
| 31:26 | Create | Fishing Ship |
| 31:27 | Create | Fishing Ship |
| 31:28 | Research | Tech 906 |
| 31:30 | Age | Castle Age |
| 31:30 | Create | Villager (Male) |
| 31:36 | Create | Villager (Male) |
| 32:29 | Build | Town Center |
| 32:42 | Build | Fish Trap |
| 33:12 | Build | Town Center |
| 33:32 | Create | Villager (Male) |
| 33:32 | Create | Villager (Male) |
| 34:16 | Create | Villager (Male) |
| 34:16 | Create | Villager (Male) |
| 34:16 | Create | Villager (Male) |
Match timeline
| 0:37 | Eli · first_building Dock |
| 0:45 | BoyWonder_ · first_building Dock |
| 0:55 | Calais · first_building Dock |
| 0:55 | MC MC MC · first_building Dock |
| 1:15 | DaddyWonder · first_building Dock |
| 1:15 | Elnath · first_building Dock |
| 1:23 | S-Tier Willy · first_building Dock |
| 1:32 | Brunker · first_building Dock |
| 3:05 | S-Tier Willy · wall_segment Palisade Wall x1 |
| 3:42 | Brunker · wall_segment Palisade Wall x1 |
| 3:44 | Brunker · wall_segment Palisade Wall x1 |
| 7:19 | Brunker · wall_segment Palisade Wall x2 |
| 8:46 | BoyWonder_ · first_building Barracks |
| 9:06 | DaddyWonder · wall_segment Palisade Wall x1 |
| 9:20 | Brunker · wall_segment Palisade Wall x3 |
| 9:50 | Calais · wall_segment Palisade Wall x4 |
| 10:17 | Brunker · wall_segment Palisade Wall x3 |
| 11:22 | Elnath · first_building Barracks |
| 11:25 | Brunker · wall_segment Palisade Wall x1 |
| 12:05 | Brunker · first_building Barracks |
| 12:13 | BoyWonder_ · wall_segment Palisade Wall x1 |
| 12:46 | Elnath · age_up feudal |
| 12:51 | Elnath · first_building Stable |
| 12:53 | Calais · wall_segment Palisade Wall x5 |
| 13:19 | BoyWonder_ · age_up feudal |
| 13:19 | DaddyWonder · wall_segment Palisade Wall x1 |
| 13:20 | BoyWonder_ · first_building Archery Range |
| 13:24 | Brunker · age_up feudal |
| 13:26 | Brunker · first_building Archery Range |
| 14:25 | Eli · age_up feudal |
| 14:46 | Brunker · first_building Siege Workshop |
| 15:01 | MC MC MC · wall_segment Palisade Wall x1 |
| 15:09 | DaddyWonder · wall_segment Palisade Wall x1 |
| 15:19 | MC MC MC · wall_segment Palisade Wall x5 |
| 15:37 | S-Tier Willy · wall_segment Palisade Wall x1 |
| 15:39 | S-Tier Willy · wall_segment Palisade Wall x1 |
| 16:01 | S-Tier Willy · age_up feudal |
| 16:12 | DaddyWonder · first_building Barracks |
| 16:18 | DaddyWonder · wall_segment Palisade Wall x1 |
| 16:46 | Elnath · age_up castle |
| 16:51 | Elnath · first_building Monastery |
| 17:11 | DaddyWonder · age_up feudal |
| 17:14 | DaddyWonder · first_building Stable |
| 17:19 | Eli · first_building Barracks |
| 17:34 | S-Tier Willy · first_building Barracks |
| 17:39 | MC MC MC · age_up feudal |
| 17:41 | Eli · first_market_buy 100 stone |
| 17:55 | Eli · age_up castle |
| 17:56 | Eli · first_building Castle |
| 18:10 | Eli · first_building Monastery |
| 18:11 | Elnath · first_building Siege Workshop |
| 18:14 | MC MC MC · first_building Barracks |
| 18:33 | MC MC MC · wall_segment Stone Wall x1 |
| 18:58 | BoyWonder_ · age_up castle |
| 18:59 | Eli · first_market_sell 100 wood |
| 19:02 | BoyWonder_ · first_building Siege Workshop |
| 19:19 | Eli · first_building Stable |
| 20:21 | Calais · age_up feudal |
| 20:39 | DaddyWonder · wall_segment Stone Wall x1 |
| 20:43 | DaddyWonder · age_up castle |
| 20:57 | DaddyWonder · first_building Siege Workshop |
| 21:22 | BoyWonder_ · first_building Monastery |
| 21:30 | Calais · first_market_buy 100 stone |
| 21:33 | MC MC MC · wall_segment Palisade Wall x1 |
| 21:41 | MC MC MC · wall_segment Stone Wall x1 |
| 21:44 | MC MC MC · wall_segment Stone Wall x1 |
| 22:29 | Calais · first_market_sell 500 food |
| 23:28 | Brunker · wall_segment Palisade Wall x2 |
| 23:45 | MC MC MC · wall_segment Stone Wall x1 |
| 23:51 | Brunker · wall_segment Palisade Wall x1 |
| 23:55 | Eli · first_building Siege Workshop |
| 24:38 | S-Tier Willy · first_building Stable |
| 24:49 | MC MC MC · wall_segment Stone Wall x1 |
| 25:20 | MC MC MC · wall_segment Stone Wall x1 |
| 25:31 | Brunker · wall_segment Palisade Wall x1 |
| 25:31 | Calais · age_up castle |
| 26:19 | BoyWonder_ · first_building Stable |
| 26:32 | Calais · first_building Castle |
| 26:44 | Brunker · first_market_buy 100 food |
| 27:01 | DaddyWonder · first_building Monastery |
| 27:38 | Brunker · wall_segment Palisade Wall x1 |
| 28:51 | Calais · first_building Barracks |
| 31:30 | MC MC MC · age_up castle |
| 31:50 | BoyWonder_ · first_building Castle |
| 33:26 | S-Tier Willy · resign |
[ AI ANALYSIS · 1 CREDIT ]
What really happened in this match?
Wolo.gg analyzes every decision: build order, eco, micro, common mistakes by bracket. Personalized analysis on WhatsApp or Discord in 30 seconds.
Civ guide
Magyars
Perfil
Jugador #2268136